Map: Proxima Station LE

Players

PengWin - Winner!

  • Race: Zerg Zerg
  • Spawn Location: 1:00

TheoRy

  • Race: Protoss Protoss
  • Spawn Location: 7:00

Event: WCS Austin 2017

VOD

Have the link to the VOD?

Description

Time

  • Played on: April 28, 2017, 1:42 p.m.
  • Length: 19:25

All games in this series

Show
View Real Time Build Order
Export as new Build Order

PengWin Zerg - Winner!

Build Orders: Hatch First 

Get SALT Encoding   

  12  0:00  Drone  
  13  0:11  Drone  
  14  0:33  Hatchery  
  13  0:39  Drone  
  14  0:43  Drone, Extractor  
  15  0:50  Overlord  
  15  1:06  Spawning Pool  
  15  1:11  Drone  
  15  1:12  Drone  
  15  1:16  Drone  
  17  1:21  Extractor  
  16  1:30  Drone  
  17  1:33  Drone  
  18  1:43  Drone  
  19  1:52  Queen x2  
  23  1:56  Drone x2  
  25  2:02  Overlord  
  25  2:09  Drone x2  
  27  2:17  Zergling x2  
  28  2:23  Drone  
  28  2:28  Metabolic Boost  
  29  2:38  Drone  
  29  2:42  Queen  
  29  2:43  Queen  
  34  2:45  Overlord  
  34  2:51  Zergling x4  
  36  3:05  Hatchery  
  36  3:07  Drone  
  36  3:08  Drone  
  36  3:12  Drone x2  
  39  3:17  Spore Crawler  
  39  3:26  Drone  
  39  3:27  Drone x2, Overlord  
  42  3:35  Drone x2  
  42  3:37  Extractor  
  42  3:38  Extractor  
  42  3:40  Drone x2  
  44  3:42  Overlord  
  44  3:46  Drone  
  44  3:47  Drone x3  
  48  3:49  Drone  
  49  3:58  Spore Crawler  
  49  4:01  Drone  
  49  4:02  Drone  
  50  4:12  Drone x3  
  50  4:15  Lair  
  50  4:16  Extractor  
  52  4:19  Queen  
  52  4:23  Spore Crawler  
  53  4:25  Drone  
  53  4:27  Drone x2  
  53  4:28  Drone  
  57  4:33  Spore Crawler  
  57  4:37  Drone  
  57  4:38  Drone x4  
  61  4:42  Drone  
  62  4:58  Spore Crawler  
  60  5:03  Drone x5  
  60  5:04  Overlord x4  
  66  5:15  Hydralisk Den  
  66  5:19  Drone  
  66  5:20  Drone  
  66  5:24  Drone x2  
  66  5:25  Zergling x10  
  73  5:29  Zergling x8  
  77  5:37  Overseer  
  77  5:44  Muscular Augments  
  77  5:46  Overlord, Hydralisk x3  
  77  5:47  Hydralisk x2  
  77  5:48  Hydralisk  
  89  5:56  Hydralisk x2  
  89  5:57  Hydralisk  
  89  6:02  Spire  
  94  6:05  Drone x2  
  94  6:06  Extractor  
  94  6:07  Extractor  
  94  6:18  Drone x10  
  104  6:35  Overlord x3  
  104  6:36  Overlord  
  104  6:37  Drone  
  105  6:46  Overseer  
  105  7:10  Hatchery  
  102  7:16  Evolution Chamber  
  102  7:17  Corruptor x5  
  102  7:18  Corruptor x5  
  102  7:20  Zerg Flyer Weapons Level 1  
  118  7:41  Zerg Missile Weapons Level 1  
  118  7:43  Drone  
  118  7:44  Drone x12  
  129  7:55  Hatchery  
  129  7:56  Evolution Chamber  
  129  7:57  Baneling Nest  
  126  8:19  Hydralisk x7  
  138  8:25  Overlord x3  
  138  8:29  Hydralisk x3  
  144  8:34  Zerg Melee Weapons Level 1  
  144  8:38  Extractor  
  144  8:39  Extractor  
  142  8:44  Centrifical Hooks  
  142  8:48  Drone x6  
  147  8:52  Spore Crawler  
  147  8:55  Hydralisk  
  147  8:56  Hydralisk x9  
  167  9:18  Zergling x2  
  167  9:19  Zergling x12, Overlord x2  
  167  9:20  Overlord x3  
  167  9:21  Spore Crawler  
  172  9:26  Zerg Flyer Armor Level 1  
  172  9:29  Drone x2, Extractor  
  172  9:30  Drone, Extractor  
  173  9:37  Pneumatized Carapace  
  173  9:41  Drone x2  
  173  9:42  Drone  
  173  9:43  Zerg Missile Weapons Level 2  
  176  9:52  Spire  
  175  9:59  Corruptor x7  
  179  10:04  Infestation Pit  
  188  10:08  Baneling x14  
  188  10:09  Baneling  
  188  10:40  Hydralisk  
  188  10:41  Hydralisk x4  
  198  10:43  Overlord x4  
  198  11:01  Zerg Melee Weapons Level 2  
  198  11:03  Pathogen Glands, Hive  
  198  11:04  Zerg Flyer Weapons Level 2  
  198  11:06  Drone  
  170  11:59  Burrow  
  160  12:06  Zerg Flyer Armor Level 2  
  160  12:07  Zerg Ground Armor Level 1  
  160  12:10  Infestor x4  
  160  12:11  Infestor x4  
  160  12:14  Hydralisk x12  
  200  12:37  Hatchery  
  200  12:38  Overseer x2  
  200  12:39  Overseer  
  200  12:42  Overseer x3  
  199  12:51  Neural Parasite  
  196  13:18  Drone x2  
  196  13:19  Drone x4  
  181  13:36  Hatchery  
  180  13:41  Zerg Melee Weapons Level 3  
  180  13:47  Adrenal Glands  
  180  13:49  Ultralisk Cavern  
  180  13:53  Corruptor x5  
  180  13:55  Zergling x22  
  190  14:21  Queen  
  190  14:24  Drone x11, Zergling x2, Extractor x2  
  190  14:25  Drone, Zergling x22  
  190  14:27  Zerg Flyer Armor Level 3  
  190  14:28  Zerg Flyer Weapons Level 3  
  190  14:31  Zerg Ground Armor Level 2  
  196  14:47  Corruptor  
  196  14:49  Drone  
  158  15:40  Ultralisk x2  
  170  15:43  Chitinous Plating  
  170  15:47  Extractor  
  170  15:49  Overlord x4, Extractor  
  168  15:50  Overlord  
  168  15:51  Ultralisk  
  174  15:59  Hatchery  
  173  16:06  Drone  
  173  16:10  Ultralisk x4  
  198  16:11  Drone x2  
  198  16:17  Hatchery  
  199  16:27  Drone x6  
  199  16:28  Drone x7  
  199  16:36  Spore Crawler  
  176  17:16  Spore Crawler  
  176  17:17  Queen  
  176  17:19  Hydralisk x11  
  199  17:30  Zergling x2  
  175  18:23  Corruptor  
  175  18:24  Corruptor x19  
  177  18:41  Overseer x4  
  173  18:46  Zergling x2  
  173  18:47  Zergling x48  
  173  18:48  Zergling x4  
Show
View Real Time Build Order
Export as new Build Order

TheoRy Protoss 

Build Orders: 1 Gate Expand, Oracle Opening 

Get SALT Encoding   

  12  0:00  Probe (Chrono Boost)  
  13  0:11  Probe (Chrono Boost)  
  14  0:17  Pylon  
  14  0:22  Probe (Chrono Boost)  
  15  0:36  Probe (Chrono Boost)  
  15  0:41  Gateway  
  16  0:46  Probe (Chrono Boost)  
  16  0:48  Assimilator  
  18  0:57  Probe (Chrono Boost)  
  18  1:07  Probe (Chrono Boost)  
  19  1:18  Probe (Chrono Boost)  
  20  1:25  Nexus  
  20  1:29  Probe (Chrono Boost)  
  21  1:39  Cybernetics Core  
  21  1:42  Probe (Chrono Boost)  
  22  1:49  Assimilator  
  22  1:53  Probe (Chrono Boost)  
  23  1:57  Pylon  
  23  2:10  Warp Gate  
  23  2:15  Adept  
  24  2:16  Probe (Chrono Boost)  
  26  2:28  Mothership Core (Chrono Boost)  
  28  2:39  Adept  
  28  2:41  Probe (Chrono Boost)  
  28  2:42  Pylon  
  31  2:48  Probe (Chrono Boost)  
  32  2:53  Probe (Chrono Boost)  
  32  3:00  Probe (Chrono Boost)  
  32  3:03  Stargate  
  32  3:04  Probe (Chrono Boost)  
  34  3:07  Adept  
  34  3:11  Probe (Chrono Boost)  
  37  3:15  Probe (Chrono Boost)  
  38  3:21  Probe (Chrono Boost)  
  39  3:29  Probe (Chrono Boost)  
  39  3:32  Probe (Chrono Boost)  
  41  3:34  Pylon  
  41  3:39  Probe (Chrono Boost)  
  42  3:43  Probe (Chrono Boost)  
  42  3:44  Pylon, Adept  
  42  3:47  Oracle  
  45  3:54  Gateway x2  
  45  3:55  Probe (Chrono Boost)  
  49  4:02  Probe (Chrono Boost)  
  50  4:11  Nexus  
  50  4:14  Probe (Chrono Boost)  
  51  4:19  Probe (Chrono Boost), Pylon, Oracle  
  52  4:27  Probe (Chrono Boost)  
  52  4:29  Probe (Chrono Boost)  
  57  4:33  Assimilator  
  57  4:35  Assimilator  
  57  4:37  Adept  
  59  4:43  Probe x2 (Chrono Boost)  
  61  4:55  Stargate  
  61  4:59  Void Ray  
  61  5:02  Probe (Chrono Boost)  
  61  5:04  Probe (Chrono Boost)  
  67  5:10  Protoss Air Weapons Level 1, Pylon  
  68  5:22  Probe (Chrono Boost)  
  68  5:23  Pylon, Adept x2  
  68  5:24  Adept  
  74  5:31  Probe (Chrono Boost)  
  76  5:36  Probe (Chrono Boost)  
  76  5:39  Probe (Chrono Boost)  
  76  5:40  Fleet Beacon  
  77  5:43  Probe (Chrono Boost)  
  79  5:58  Probe x2 (Chrono Boost)  
  79  6:01  Assimilator  
  84  6:04  Assimilator  
  84  6:06  Probe (Chrono Boost)  
  84  6:08  Probe (Chrono Boost)  
  82  6:11  Pylon  
  82  6:14  Stargate  
  82  6:15  Forge  
  82  6:20  Probe (Chrono Boost)  
  82  6:22  Carrier x2  
  83  6:28  Probe (Chrono Boost)  
  84  6:33  Pylon  
  84  6:35  Probe (Chrono Boost), Pylon  
  97  6:46  Probe (Chrono Boost)  
  98  6:48  Pylon  
  98  6:49  Photon Cannon  
  98  6:50  Photon Cannon  
  99  6:54  Probe (Chrono Boost)  
  99  6:55  Photon Cannon  
  99  6:56  Photon Cannon  
  99  6:59  Adept  
  99  7:00  Sentry  
  103  7:08  Photon Cannon x2  
  103  7:13  Probe x2 (Chrono Boost)  
  105  7:20  Carrier  
  111  7:25  Pylon  
  109  7:34  Stargate  
  109  7:36  Photon Cannon  
  109  7:37  Pylon, Graviton Catapult  
  109  7:44  Protoss Air Weapons Level 2  
  109  7:47  Protoss Shields Level 1  
  109  7:50  Adept  
  111  7:52  Adept  
  111  7:56  Adept  
  116  7:59  Probe (Chrono Boost)  
  117  8:12  Void Ray  
  122  8:19  Probe (Chrono Boost)  
  119  8:22  Stalker  
  119  8:25  Stargate  
  109  8:28  Stalker x2  
  109  8:33  Pylon  
  109  8:34  Photon Cannon  
  113  8:37  Photon Cannon  
  113  8:38  Photon Cannon  
  113  8:39  Stargate  
  113  8:42  Void Ray  
  117  8:52  Carrier  
  123  8:56  Carrier  
  123  8:57  Pylon  
  129  9:13  Carrier  
  129  9:23  Probe (Chrono Boost)  
  136  9:27  Carrier  
  134  9:33  Nexus  
  138  9:40  Pylon  
  138  9:41  Pylon  
  138  9:49  Probe (Chrono Boost)  
  139  9:53  Pylon  
  139  9:55  Void Ray  
  139  9:57  Sentry, Adept x2  
  147  10:03  Probe (Chrono Boost)  
  148  10:09  Probe (Chrono Boost)  
  148  10:12  Protoss Air Weapons Level 3  
  149  10:16  Photon Cannon x3  
  149  10:18  Photon Cannon  
  150  10:22  Probe (Chrono Boost)  
  150  10:28  Carrier  
  150  10:32  Oracle  
  159  10:37  Twilight Council  
  159  10:43  Void Ray  
  159  10:49  Assimilator  
  164  10:51  Probe (Chrono Boost)  
  164  10:53  Assimilator, Void Ray  
  166  11:07  Zealot  
  166  11:09  Carrier  
  174  11:29  Void Ray  
  180  11:33  Stalker x2  
  180  11:38  Probe (Chrono Boost)  
  177  11:41  Stalker  
  177  11:43  Probe (Chrono Boost)  
  177  11:45  Pylon  
  179  11:58  Nexus  
  173  12:02  Pylon  
  173  12:03  Probe x2 (Chrono Boost)  
  173  12:04  Templar Archives  
  173  12:05  Probe (Chrono Boost)  
  176  12:13  Probe (Chrono Boost)  
  178  12:17  Probe (Chrono Boost)  
  178  12:18  Pylon  
  178  12:19  Pylon, Carrier  
  178  12:20  Pylon  
  178  12:22  Pylon  
  184  12:36  Adept x2  
  184  12:37  Adept  
  190  12:44  Carrier  
  196  12:53  Psionic Storm, Probe (Chrono Boost)  
  196  12:57  Gateway  
  196  12:58  Gateway  
  197  13:23  Adept  
  193  13:27  High Templar x2  
  188  13:42  Photon Cannon  
  188  13:43  Photon Cannon x2  
  188  13:44  Pylon  
  188  13:45  Photon Cannon  
  188  13:52  Robotics Facility  
  188  13:55  Adept  
  188  13:56  Carrier, Nexus  
  188  13:58  Assimilator  
  188  14:00  Assimilator  
  188  14:02  Pylon  
  190  14:03  Pylon  
  190  14:07  Carrier  
  190  14:08  Void Ray  
  196  14:14  Stalker x2  
  196  14:16  High Templar  
  196  14:24  High Templar  
  196  14:25  High Templar  
  196  14:27  Gateway  
  190  14:33  Photon Cannon  
  190  14:35  Photon Cannon, Dark Shrine  
  190  14:37  High Templar x2  
  190  14:38  Photon Cannon  
  190  14:51  High Templar  
  192  14:59  Pylon  
  192  15:00  High Templar x2  
  196  15:12  Adept x2  
  186  15:19  Probe (Chrono Boost)  
  182  15:21  Probe (Chrono Boost)  
  172  15:31  Probe (Chrono Boost)  
  172  15:32  Zealot  
  172  15:33  Carrier x2  
  172  15:34  Void Ray  
  159  15:37  Adept x2  
  159  15:39  Void Ray  
  159  15:42  Probe x2 (Chrono Boost)  
  171  15:43  Probe x2 (Chrono Boost)  
  171  15:48  Dark Templar  
  171  15:49  Dark Templar x2  
  178  15:53  High Templar  
  180  16:05  Probe (Chrono Boost)  
  181  16:17  Protoss Shields Level 2, Observer  
  182  16:19  Pylon  
  182  16:21  Nexus  
  182  16:23  Pylon  
  182  16:27  Assimilator  
  182  16:31  Assimilator  
  178  16:38  Immortal  
  174  16:41  Robotics Facility  
  174  16:42  Robotics Facility  
  174  16:50  Carrier x2  
  174  16:53  Carrier  
  168  16:59  Probe (Chrono Boost)  
  168  17:01  High Templar x4  
  167  17:02  Probe (Chrono Boost)  
  167  17:06  Probe (Chrono Boost), Void Ray  
  135  17:19  Photon Cannon x2  
  135  17:23  High Templar  
  135  17:24  Observer  
  135  17:27  Archon  
  135  17:28  High Templar, Archon  
  140  17:37  Dark Templar  
  142  17:43  Probe (Chrono Boost)  
  137  17:48  Zealot x2  
  134  17:55  Photon Cannon  
  134  17:58  Zealot  
  134  17:59  Photon Cannon  
  134  18:01  Photon Cannon  
  134  18:05  Zealot, Photon Cannon  
  144  18:07  Photon Cannon  
  139  18:14  Dark Templar x2  
  139  18:17  Archon  
  115  18:20  Dark Templar  
  89  18:34  Dark Templar  
  89  18:35  Dark Templar  
  89  18:36  Probe (Chrono Boost)  
  89  18:37  Probe (Chrono Boost)  
  83  18:48  Nexus  
  83  18:50  Pylon  
  81  19:15  Zealot, Dark Templar  
  81  19:16  Zealot  
  80  19:17  Archon  
  80  19:19  Archon  
Tags
 
Add a new tag
Caveats
  • Supply blocks, unpowered buildings, or Contaminate may cause inaccurate times.
  • Supply counts are checked every 10 seconds.